 Dungeon Crawl Stone Soup version 0.23.2 (webtiles) character file.

Game seed: 16355117261851693150

31675 Norn the Martial Artist (level 13, 0/113 HPs)
             Began as a Green Draconian Transmuter on Apr 7, 2019.
             Was a High Priest of Makhleb.
             Slain by a seven-headed hydra (2 damage)
             ... while petrified by a basilisk
             ... on level 6 of the Lair of Beasts.
             The game lasted 00:51:25 (20988 turns).

Norn the Martial Artist (DrTm)                     Turns: 20988, Time: 00:51:25

Health: 0/113      AC: 12    Str: 12    XL:     13   Next: 27%
Magic:  25/25      EV:  2    Int: 23    God:    Makhleb [*****.]
Gold:   1186       SH:  0    Dex: 12    Spells: 14/28 levels left

rFire    . . .     SeeInvis .     - Unarmed
rCold    . . .     Gourm    .   (no shield)
rNeg     + + +     Faith    .   (armour unavailable)
rPois    ∞         Spirit   .   z - +1 hat
rElec    .         Reflect  .   B - scarf {cloud immunity}
rCorr    .         Harm     .   I - +2 pair of gloves
MR       .....                  (no boots)
Stlth    +.........             (no amulet)
HPRegen  0.28/turn              J - +4 ring of evasion
MPRegen  0.19/turn              K - +4 ring of intelligence

@: petrified
A: breathe noxious fumes, unfitting armour, poison resistance, cold-blooded, AC
+8
a: Breathe Noxious Fumes, Minor Destruction, Lesser Servant of Makhleb, Major
Destruction, Greater Servant of Makhleb, Renounce Religion


You were on level 6 of the Lair of Beasts.
You worshipped Makhleb.
Makhleb was extremely pleased with you.
You were not hungry.

You visited 3 branches of the dungeon, and saw 17 of its levels.
You also visited: Gauntlet.

You collected 1186 gold pieces.

Inventory:

Missiles
 a - 294 arrows
 f - 457 stones (quivered)
 m - 6 curare-tipped needles {!f}
 o - 3 throwing nets {!f}
 F - 89 poisoned needles
Armour
 z - a +1 hat (worn)
   (You found it on level 1 of the Lair of Beasts)
 B - a scarf of cloud immunity (worn)
   (You found it on level 7 of the Dungeon)
 I - a +2 pair of gloves (worn)
   (You found it on level 8 of the Dungeon)
Magical Staves
 w - an uncursed staff of conjuration {!a}
   (You found it on level 5 of the Dungeon)
 U - an uncursed staff of earth
   (You found it on level 4 of the Lair of Beasts)
Jewellery
 J - a +4 ring of evasion (left hand)
   (You took it off a big kobold on level 10 of the Dungeon)
 K - a +4 ring of intelligence (right hand)
   (You found it on level 10 of the Dungeon)
 M - an uncursed amulet of the gourmand
   (You found it on level 2 of the Lair of Beasts)
 S - an uncursed ring of protection from cold {unknown}
   (You found it on level 3 of the Lair of Beasts)
 V - an uncursed amulet of guardian spirit
   (You found it on level 4 of the Lair of Beasts)
Wands
 c - a wand of disintegration (15)
   (You found it on level 10 of the Dungeon)
 d - a wand of iceblast (14)
   (You found it on level 7 of the Dungeon)
 t - a wand of flame (18)
   (You found it on level 3 of the Lair of Beasts)
 x - a wand of acid (6)
   (You found it on level 6 of the Dungeon)
 N - a wand of clouds (2)
   (You found it on level 2 of the Lair of Beasts)
 Q - a wand of enslavement (10)
   (You found it on level 5 of the Dungeon)
 W - a wand of polymorph (12)
   (You found it on level 4 of the Lair of Beasts)
Scrolls
 b - 10 scrolls of remove curse {@r2}
 g - 8 scrolls of teleportation {@r4}
 h - 3 scrolls of noise {!r}
 l - a scroll of immolation {!r}
 p - 4 scrolls of amnesia
 s - a scroll of enchant armour
 u - 2 scrolls of magic mapping
 v - 3 scrolls of fog
 y - a scroll of silence {unknown}
 A - a scroll of vulnerability {!r}
 P - a scroll of blinking {unknown}
 R - a scroll of brand weapon {unknown}
 X - a scroll of enchant weapon
Potions
 i - a potion of magic
 j - 3 potions of agility
 k - 3 potions of flight
 n - 3 potions of haste {unknown}
 q - 4 potions of might
 r - a potion of resistance
 C - 10 potions of curing {@q1}
 E - 3 potions of lignification {!q}
 G - 2 potions of berserk rage
 H - 3 potions of mutation {!q}
 O - a potion of heal wounds {@q2}
 T - a potion of invisibility
Miscellaneous
 L - a lightning rod (4/4) {!a}
   (You found it on level 1 of the Lair of Beasts)
Comestibles
 e - 20 rations {!d}
 D - 4 chunks of flesh


   Skills:
 - Level 10.0 Fighting
 - Level 10.0 Dodging
 - Level 10.0 Unarmed Combat
 + Level 8.2 Spellcasting
 - Level 10.0 Transmutations
 + Level 9.9 Invocations


You had 14 spell levels left.
You knew the following spells:

 Your Spells              Type           Power        Failure   Level  Hunger
a - Blade Hands           Tmut           ######....   3%          5    #####..
b - Petrify               Tmut/Erth      ####....     9%          4    ###....
s - Sticks to Snakes      Tmut           ######..     1%          2    None
x - Spider Form           Tmut/Pois      ####......   2%          3    None

Your spell library contained the following spells:

 Spells                   Type           Power        Failure   Level  Hunger
 Beastly Appendage        Tmut           ######       1%          1    None
 Animate Skeleton         Necr           N/A          7%          1    None
 Apportation              Tloc           #.....       7%          1    None
 Confusing Touch          Hex            #.....       7%          1    None
 Infusion                 Chrm           #...         7%          1    None
 Magic Dart               Conj           #...         7%          1    None
 Pain                     Necr           #...         7%          1    None
 Summon Small Mammal      Summ           #...         7%          1    None
 Ice Form                 Ice/Tmut       ####....     9%          4    ###....
 Blink                    Tloc           N/A          11%         2    None
 Call Imp                 Summ           #.......     11%         2    None
 Shroud of Golubria       Chrm/Tloc      #.........   11%         2    None
 Slow                     Hex            #.......     11%         2    None
 Song of Slaying          Chrm           #.......     11%         2    None
 Confuse                  Hex            #.......     21%         3    None
 Conjure Flame            Conj/Fire      #.......     21%         3    None
 Gell's Gravitas          Tloc           #.........   21%         3    None
 Mephitic Cloud           Conj/Pois/Air  #.......     21%         3    None
 Regeneration             Chrm/Necr      #.........   21%         3    None
 Spectral Weapon          Hex/Chrm       #.......     21%         3    None
 Vampiric Draining        Necr           #.........   21%         3    None
 Yara's Violent Unravell  Hex/Tmut       ####......   24%         5    #####..
 Animate Dead             Necr           N/A          56%         4    ###....
 Metabolic Englaciation   Hex/Ice        #.........   88%         5    #####..


Dungeon Overview and Level Annotations

Branches:
Dungeon (10/15)            Temple (1/1) D:6            Lair (6/6) D:8
 Shoals (0/4) Lair:3        Snake (0/4) Lair:3        Slime (0/5) Lair:5
    Orc: D:9-12

Altars:
Ashenzari
Cheibriados
Dithmenos
Elyvilon
Fedhas
Gozag
Hepliaklqana
Kikubaaqudgha
Makhleb
Nemelex Xobeh
Okawaru
Qazlal
Ru
Sif Muna
Trog
Uskayaw
Vehumet
Wu Jian
Xom
Yredelemnul
Zin
The Shining One

Shops:
D:10 (

Annotations:
D:10 1 runed translucent door
Lair:3 exclusion: orange crystal statue


Innate Abilities, Weirdness & Mutations

You can breathe blasts of noxious fumes.
Your lurid green scales are hard. (AC +8)
You cannot fit into any form of body armour.
Your system is resistant to poisons. (rPois)
You are cold-blooded and may be slowed by cold attacks.


Message History

The komodo dragon closely misses you. The basilisk gazes at you.
You are slowing down.
You enter the shallow water.
Moving in this stuff is going to be slow.
Your surroundings suddenly seem different.
A seven-headed hydra comes into view.
The seven-headed hydra roars!
A spiny frog comes into view.
The spiny frog croaks.
You have turned to stone.
Found a hand crossbow.
The seven-headed hydra bites you but does no damage. x4
The seven-headed hydra bites you.
* * * LOW HITPOINT WARNING * * *
The seven-headed hydra bites you but does no damage. x2
The seven-headed hydra bites you!
* * * LOW HITPOINT WARNING * * *
The seven-headed hydra bites you.
* * * LOW HITPOINT WARNING * * *
The seven-headed hydra bites you!
* * * LOW HITPOINT WARNING * * *
The seven-headed hydra bites you but does no damage.
The seven-headed hydra bites you!
* * * LOW HITPOINT WARNING * * *
The seven-headed hydra completely misses you.
The seven-headed hydra bites you.
* * * LOW HITPOINT WARNING * * *
A yak comes into view.
The spiny frog stings you!
* * * LOW HITPOINT WARNING * * *
The seven-headed hydra bites you but does no damage. x2
The seven-headed hydra bites you.
* * * LOW HITPOINT WARNING * * *
The seven-headed hydra bites you.
* * * LOW HITPOINT WARNING * * *
The seven-headed hydra bites you but does no damage. x2
The seven-headed hydra bites you.
* * * LOW HITPOINT WARNING * * *
The spiny frog stings you.
The seven-headed hydra bites you but does no damage.
The seven-headed hydra bites you.
* * * LOW HITPOINT WARNING * * *
The seven-headed hydra bites you.
* * * LOW HITPOINT WARNING * * *
The seven-headed hydra bites you but does no damage. x2
The seven-headed hydra bites you!
* * * LOW HITPOINT WARNING * * *
The seven-headed hydra bites you.
You die...

.............)#
..............#
.Y.............
...............
...............
...............
......FD.......
#@.......
#.............
#..............
##.............
#.............
...............
.............#.
#..........###


You could see a seven-headed hydra, a yak and a spiny frog.

Vanquished Creatures
  Harold (D:9)
  7 death yaks
  2 two-headed ogres
  A manticore (Lair:3)
  5 elephants (Lair:5)
  4 black mambas
  10 spiny frogs
  4 komodo dragons
  3 rime drakes
  2 trolls
  6 blink frogs (Lair:2)
  4 hippogriffs
  A redback (Lair:6)
  Eustachio (D:6)
  2 wyverns
  A wraith (D:6)
  3 basilisks
  23 yaks
  A steam dragon (Lair:6)
  3 hungry ghosts
  15 water moccasins
  11 porcupines
  2 swamp drakes (Lair:6)
  4 orc warriors
  3 sky beasts
  A black bear (D:8)
  2 ice beasts
  2 phantoms (D:6)
  20 wolves
  7 ogres
  3 centaurs
  5 crocodiles
  2 big kobolds (D:10)
  13 bullfrogs
  A wyvern skeleton (D:9)
  2 scorpions
  A water moccasin skeleton (D:7)
  6 killer bees (D:9)
  5 wights (D:8)
  A crimson imp (D:5)
  A centaur zombie (D:6)
  10 jellies
  2 bullfrog zombies
  8 hounds
  4 orc priests
  8 orc wizards
  A gnoll shaman (D:9)
  2 bullfrog skeletons
  An iguana (D:9)
  4 worker ants
  A killer bee zombie (D:7)
  A hound skeleton (D:10)
  8 gnolls
  17 adders
  A howler monkey skeleton (D:5)
  4 shadow imps
  3 oozes
  5 dart slugs
  5 leopard geckos
  21 orcs
  A ball python (Lair:3)
  5 giant cockroaches
  7 goblins
  11 hobgoblins
  4 jackals (D:2)
  17 kobolds
  8 quokkas
  7 bats
  7 frilled lizards
  A quokka skeleton (D:5)
  2 quokka zombies
  6 rats
  A plant (Lair:1)
374 creatures vanquished.

Vanquished Creatures (collateral kills)
  A hydra (Lair:5)
  An ogre (D:5)
  An adder (D:2)
  A worm (D:2)
  A rat (D:2)
5 creatures vanquished.

Vanquished Creatures (others)
  A butterfly (Lair:5)
  11 fungi
  7 plants (Lair:6)
  23 withered plants (Gauntlet)
42 creatures vanquished.

Grand Total: 421 creatures vanquished

Notes
Turn   | Place    | Note
-------+----------+-------------------------------------------
     0 | D:1      | Norn the Draconian Transmuter began the quest for the Orb.
     0 | D:1      | Reached XP level 1. HP: 16/16 MP: 3/3
   175 | D:1      | Reached XP level 2. HP: 23/23 MP: 5/5
   736 | D:1      | Reached XP level 3. HP: 26/28 MP: 6/6
   910 | D:2      | Learned a level 2 spell: Sticks to Snakes
   914 | D:2      | Learned a level 3 spell: Spider Form
   987 | D:2      | Found a sparkling altar of Nemelex Xobeh.
  1279 | D:2      | Found an opulent altar of Gozag.
  1286 | D:2      | Reached XP level 4. HP: 29/35 MP: 7/7
  2948 | D:4      | Reached XP level 5. HP: 40/40 MP: 6/8
  3158 | D:5      | Entered Level 5 of the Dungeon
  3211 | D:5      | Reached skill level 5 in Unarmed Combat
  3354 | D:5      | Noticed a centaur
  3363 | D:5      | Killed a centaur
  3363 | D:5      | Reached XP level 6. HP: 36/48 MP: 5/9
  3655 | D:5      | Reached skill level 5 in Transmutations
  3733 | D:5      | Your scales start taking on a lurid green colour.
  3733 | D:5      | Reached XP level 7. HP: 52/57 MP: 0/11
  3733 | D:5      | Gained mutation: Your system is resistant to poisons.
                  | (rPois) [Green Draconian growth]
  4605 | D:6      | Noticed Eustachio
  4616 | D:6      | Killed Eustachio
  4758 | D:6      | Reached skill level 5 in Fighting
  4762 | D:6      | Noticed a wraith
  4781 | D:6      | Killed a wraith
  4781 | D:6      | Reached skill level 5 in Spellcasting
  4781 | D:6      | Reached XP level 8. HP: 24/69 MP: 10/15
  5377 | D:6      | Found a staircase to the Ecumenical Temple.
  5406 | D:6      | Noticed a troll
  5428 | D:6      | Killed a troll
  5457 | Temple   | Entered the Ecumenical Temple
  5469 | Temple   | Became a worshipper of Makhleb the Destroyer
  6371 | D:7      | Reached XP level 9. HP: 71/78 MP: 16/16
  6538 | D:7      | Found a snail-covered altar of Cheibriados.
  6552 | D:7      | Found a basalt altar of Yredelemnul.
  7340 | D:8      | Reached * piety under Makhleb
  7842 | D:8      | Found a staircase to the Lair.
  8143 | D:8      | Found a radiant altar of Vehumet.
  8147 | D:8      | Noticed a two-headed ogre
  8181 | D:8      | Killed a two-headed ogre
  8181 | D:8      | Reached skill level 5 in Dodging
  8181 | D:8      | Reached XP level 10. HP: 23/90 MP: 17/17
  8758 | D:9      | Noticed a two-headed ogre
  8804 | D:9      | Killed a two-headed ogre
  8850 | D:8      | Reached skill level 10 in Unarmed Combat
  9331 | D:9      | Reached skill level 1 in Invocations
  9342 | D:9      | Reached ** piety under Makhleb
 10234 | D:9      | Noticed Harold
 10252 | D:9      | Killed Harold
 10640 | D:10     | Entered Level 10 of the Dungeon
 11187 | D:10     | Reached XP level 11. HP: 38/97 MP: 18/18
 11758 | D:10     | Found Pajeup's Weapon Emporium.
 12143 | D:10     | Reached *** piety under Makhleb
 12176 | D:10     | Found a runed translucent door.
 12177 | D:10     | Noticed a glowing orange brain
 12177 | D:10     | Noticed a brown ugly thing
 12671 | Lair:1   | Entered Level 1 of the Lair of Beasts
 13053 | Lair:1   | Learned a level 5 spell: Blade Hands
 13123 | Lair:1   | Reached skill level 10 in Fighting
 13134 | Lair:1   | Found a gate leading to a gauntlet.
 13139 | Gauntlet | Entered a Gauntlet
 13139 | Gauntlet | Found a transporter.
 13139 | Gauntlet | Found a transporter.
 13295 | Gauntlet | Found a transporter.
 13295 | Gauntlet | Found a transporter.
 13297 | Gauntlet | Found a large runed translucent door.
 13298 | Gauntlet | Found a large runed translucent door.
 13299 | Gauntlet | Found a large runed translucent door.
 13299 | Gauntlet | Found a large runed translucent door.
 13299 | Gauntlet | Found a runed translucent door.
 13300 | Gauntlet | Found a large runed translucent door.
 13300 | Gauntlet | Found a runed translucent door.
 13301 | Gauntlet | Found a large runed translucent door.
 13301 | Gauntlet | Found a large runed translucent door.
 13301 | Gauntlet | Found a large runed translucent door.
 13302 | Gauntlet | Found a large runed translucent door.
 13302 | Gauntlet | Noticed a death ooze
 13303 | Gauntlet | Found a large runed translucent door.
 13305 | Gauntlet | Found a transporter.
 13325 | Gauntlet | Found a transporter.
 13326 | Gauntlet | Noticed an oklob plant
 13340 | Gauntlet | Found a large runed translucent door.
 13340 | Gauntlet | Found a large runed translucent door.
 13341 | Gauntlet | Found a large runed translucent door.
 13342 | Gauntlet | Found a runed translucent gate.
 13344 | Gauntlet | Found a transporter.
 13345 | Gauntlet | Found a runed translucent gate.
 13345 | Gauntlet | Found a transporter.
 13345 | Gauntlet | Noticed a queen ant
 13346 | Gauntlet | Found a runed translucent gate.
 13353 | Gauntlet | Found a large runed translucent door.
 13354 | Gauntlet | Found a transporter.
 13354 | Gauntlet | Found a large runed translucent door.
 13355 | Gauntlet | Found a transporter.
 13355 | Gauntlet | Found a large runed translucent door.
 13356 | Gauntlet | Noticed an orange crystal statue
 13357 | Gauntlet | Found a transporter.
 13379 | Gauntlet | Found a transporter.
 13460 | Gauntlet | Found a transporter.
 13473 | Gauntlet | Noticed a catoblepas
 13474 | Gauntlet | Found a transporter.
 13575 | Gauntlet | Found a transporter.
 13591 | Gauntlet | Found a transporter.
 13944 | Lair:1   | Reached skill level 5 in Invocations
 14207 | Lair:1   | Noticed a death yak
 14207 | Lair:1   | Noticed a death yak
 14235 | Lair:1   | Killed a death yak
 14238 | Lair:1   | Noticed a death yak
 14240 | Lair:1   | Noticed a death yak
 14241 | Lair:1   | Killed a death yak
 14250 | Lair:1   | Killed a death yak
 14254 | Lair:1   | Killed a death yak
 15177 | Lair:2   | Reached XP level 12. HP: 106/106 MP: 13/19
 15217 | Lair:2   | Found a hazy altar of Hepliaklqana.
 15235 | Lair:2   | Learned a level 4 spell: Petrify
 15478 | Lair:2   | Reached skill level 10 in Transmutations
 15575 | Lair:2   | Noticed a death yak
 15575 | Lair:2   | Noticed a death yak
 15576 | Lair:2   | Noticed a death yak
 15597 | Lair:2   | Killed a death yak
 15617 | Lair:2   | Reached **** piety under Makhleb
 16158 | Lair:2   | Killed a death yak
 16165 | Lair:2   | Killed a death yak
 17265 | Lair:3   | Found a staircase to the Shoals.
 17845 | Lair:3   | Found a staircase to the Snake Pit.
 18373 | Lair:4   | Reached ***** piety under Makhleb
 19140 | Lair:5   | Reached XP level 13. HP: 81/113 MP: 18/24
 19159 | Lair:5   | Found a staircase to the Slime Pits.
 19954 | Lair:5   | Found a shimmering altar of Xom.
 20048 | Lair:6   | Entered Level 6 of the Lair of Beasts
 20069 | Lair:6   | Reached skill level 10 in Dodging
 20407 | Lair:6   | HP: 4/113 [komodo dragon (28)]
 20988 | Lair:6   | HP: 5/113 [seven-headed hydra (3)]
 20988 | Lair:6   | HP: 2/113 [seven-headed hydra (3)]
 20988 | Lair:6   | Slain by a seven-headed hydra

Skill      XL: |  1  2  3  4  5  6  7  8  9 10 11 12 13 |
---------------+----------------------------------------+-----
Unarmed Combat | 4 5 7 9 10 | 10.0
Transmutations | 3 4 5 6 9 10 | 10.0
Fighting       | 3 5 6 8 9 10 | 10.0
Spellcasting   | 3 5 7 8 |  8.2
Dodging        | 3 5 6 7 9 10 | 10.0
Invocations    | 3 6 9 |  9.9

Action                   |  1- 3 |  4- 6 |  7- 9 | 10-12 | 13-15 || total
-------------------------+-------+-------+-------+-------+-------++-------
Melee: Unarmed           |   148 |   144 |   375 |   657 |   123 ||  1447
       Tailslap          |     7 |     4 |    21 |    38 |    13 ||    83
       Punch             |     2 |     2 |     4 |    10 |     2 ||    20
       Kick              |       |     4 |     2 |       |       ||     6
       Headbutt          |       |     2 |       |       |       ||     2
Throw: Stone             |       |       |     1 |       |       ||     1
 Cast: Beastly Appendage |     1 |     6 |     1 |       |       ||     8
       Spider Form       |     2 |     8 |    28 |    33 |       ||    71
       Sticks to Snakes  |     2 |     2 |       |       |     2 ||     6
       Blade Hands       |       |       |       |    40 |     9 ||    49
 Abil: Breathe Noxious F |       |       |    11 |    14 |     2 ||    27
       End Transformatio |       |       |     2 |     3 |       ||     5
Evoke: Wand              |       |       |       |     1 |       ||     1
  Use: Scroll            |       |     6 |       |    18 |     4 ||    28
       Potion            |       |       |       |       |     1 ||     1
 Stab: Sleeping          |     1 |     1 |       |       |       ||     2
       Distracted        |       |     1 |       |       |       ||     1
       Confused          |       |       |     5 |    12 |     1 ||    18
  Eat: Chunk             |     2 |     9 |    14 |    39 |     3 ||    67
       Ration            |       |       |     3 |     3 |     2 ||     8
Armor: Skin              |    36 |    40 |    71 |    66 |    47 ||   260
Dodge: Dodged            |    83 |    94 |   249 |   639 |   113 ||  1178
